 Dungeon Crawl Stone Soup version 0.22-a0-558-gc224181 (webtiles) character file.

54 iamserjio the Chopper (level 3, 0/31 HPs)
             Began as a Minotaur Skald on June 27, 2018.
             Succumbed to an adder's poison
             ... on level 2 of the Dungeon.
             The game lasted 00:01:22 (213 turns).

iamserjio the Chopper (Minotaur Skald)               Turns: 213, Time: 00:01:23

Health: 0/31       AC:  3    Str: 16    XL:     3   Next: 66%
Magic:  4/4        EV: 12    Int: 10    God:
Gold:   32         SH:  0    Dex:  9    Spells: 3/4 levels left

rFire    . . .     SeeInvis .   a - +0 hand axe
rCold    . . .     Gourm    .   (no shield)
rNeg     . . .     Faith    .   b - +0 leather armour
rPois    .         Spirit   .   (helmet restricted)
rElec    .         Reflect  .   (no cloak)
rCorr    .         Harm     .   (no gloves)
MR       .....                  (no boots)
Stlth    +.........             (no amulet)
HPRegen  0.10/turn              (no ring)
MPRegen  0.09/turn              (no ring)

@: lethally poisoned (0 -> -10)
A: retaliatory headbutt, horns 2
a: no special abilities


You were on level 2 of the Dungeon.
You were not hungry.

You visited 1 branch of the dungeon, and saw 2 of its levels.

You collected 32 gold pieces.

Inventory:

Hand Weapons
 a - a +0 hand axe (weapon)
Armour
 b - a +0 leather armour (worn)
Potions
 c - a potion of might {unknown}
 e - a potion of curing {unknown}
Comestibles
 d - a ration


   Skills:
 + Level 3.2 Fighting
 * Level 3.9 Axes
 + Level 2.3 Armour
 - Level 2.1 Dodging
 - Level 1.3 Spellcasting
 - Level 2.0 Charms


You had 3 spell levels left.
You knew the following spells:

 Your Spells              Type           Power        Failure   Level  Hunger
a - Infusion              Chrm           #...         17%         1    ##.....

Your spell library contained the following spells:

 Spells                   Type           Power        Failure   Level  Hunger
 Regeneration             Chrm/Necr      #.........   61%         3    ####...
 Shroud of Golubria       Chrm/Tloc      #.........   36%         2    ###....
 Song of Slaying          Chrm           #.......     26%         2    ###....
 Spectral Weapon          Hex/Chrm       #.......     61%         3    ####...


Dungeon Overview and Level Annotations

Branches:
Dungeon (2/15)

Altars:


Innate Abilities, Weirdness & Mutations

You reflexively headbutt those who attack you in melee.
You have a pair of horns on your head.


Message History

You hit the bat.
You kill the bat!
The adder bites you.
You miss the adder. Your headbutt misses the adder.
The adder bites you but does no damage.
You barely miss the adder. The adder bites you. x2
* * * LOW HITPOINT WARNING * * *
You are poisoned.
The adder poisons you!
You barely miss the adder. Your headbutt misses the adder.
You feel sick. The adder bites you.
* * * LOW HITPOINT WARNING * * *
You are more poisoned.
The adder poisons you!
You closely miss the adder.
* * * LOW HITPOINT WARNING * * *
You feel sick. The adder bites you.
* * * LOW HITPOINT WARNING * * *
You miss the adder.
You die...

#r.. ......
.... #.?.
#..? #..#
#..#######.#
#.rS@.......
#.<#######.#
#...#
......#
####..b.
###.# #..
###


You could see an adder and a rat.

Vanquished Creatures
  Terence (D:2)
  An ooze (D:1)
  4 dart slugs (D:1)
  2 goblins (D:1)
  2 hobgoblins (D:1)
  3 jackals (D:1)
  A bat (D:2)
  A frilled lizard (D:1)
  A kobold (D:1)
  2 rats (D:1)
18 creatures vanquished.

Notes
Turn   | Place    | Note
-------+----------+-------------------------------------------
     0 | D:1      | iamserjio the Minotaur Skald began the quest for the Orb.
     0 | D:1      | Reached XP level 1. HP: 18/18 MP: 1/1
    86 | D:1      | Reached XP level 2. HP: 21/25 MP: 3/3
   164 | D:1      | Reached XP level 3. HP: 10/31 MP: 4/4
   190 | D:2      | Noticed Terence
   207 | D:2      | Killed Terence
   212 | D:2      | HP: 1/31 [adder (2)]
   213 | D:2      | Succumbed to an adder's poison

Vault maps used:
D:1:      matt_arrival_refuge
D:2:      nicolae_overflow_crystal_walls, marbit_many_paths, first_ration,
          uniq_terence

Skill      XL: |  1  2 |
---------------+-------+-----
Axes           | 3 |  3.9
Fighting       | 3 |  3.2
Armour         | 2 |  2.3
Dodging        | |  2.1
Spellcasting   | |  1.3
Charms         | |  2.0

Action                   || total
-------------------------++-------
Melee: Hand axe          ||    45
       Headbutt          ||     9
  Use: Potion            ||     1
Armor: Leather armour    ||    10
Dodge: Dodged            ||    25

Table legend:
 A = Spawn XP
 B = Non-spawn XP
 C = Spawn XP percentage of total XP
 D = Spawn monster count
 E = Non-spawn monster count
 F = Spawn count percentage of total count
 G = Total turns spent on level
                    A         B        C        D         E        F      G
               +---------+---------+-------+---------+---------+-------+---------
         Total |       0 |      78 |   0.0 |       0 |      18 |   0.0 |   213
               +---------+---------+-------+---------+---------+-------+---------
           D:1 |       0 |      41 |   0.0 |       0 |      16 |   0.0 |   190
           D:2 |       0 |      37 |   0.0 |       0 |       2 |   0.0 |    23
               +---------+---------+-------+---------+---------+-------+---------
